 Dungeon Crawl Stone Soup version 0.21-a0-88-g13b9641 (webtiles) character file.

8996 tilp the Destroyer (level 11, 0/84 HPs)
             Began as a Hill Orc Fire Elementalist on June 27, 2017.
             Was an Elder of Okawaru.
             Slain by an orc warrior
             ... wielding a +2 trident of venom
              (11 damage)
             ... on level 2 of the Orcish Mines.
             The game lasted 01:10:21 (16208 turns).

tilp the Destroyer (Hill Orc Fire Elementalist)    Turns: 16208, Time: 01:10:22

Health: 0/84       AC: 11    Str: 16    XL:     11   Next: 39%
Magic:  6/23       EV: 12    Int: 18    God:    Okawaru [****..]
Gold:   988        SH:  3    Dex: 11    Spells: 11/27 levels left

rFire    . . .     SeeInvis .   m - +1 short sword (freeze)
rCold    . . .     Gourm    .   L - +0 buckler
rNeg     . . .     Faith    .   d - +1 leather armour "Uboz" {Str+4}
rPois    .         Spirit   .   g - +0 helmet
rElec    .         Reflect  .   F - +1 cloak
rCorr    .         Harm     .   y - +1 pair of gloves
MR       .....                  l - +1 pair of boots
Stlth    +.........             (no amulet)
HPRegen  0.24/turn              (no ring)
MPRegen  0.18/turn              (no ring)

@: very slightly contaminated
A: no striking features
a: Heroism, Renounce Religion


You were on level 2 of the Orcish Mines.
You worshipped Okawaru.
Okawaru was greatly pleased with you.
You were not hungry.

You visited 3 branches of the dungeon, and saw 13 of its levels.

You collected 988 gold pieces.

Inventory:

Hand Weapons
 a - a +0 scimitar of flaming
 j - a +1 dagger of venom
 m - a +1 short sword of freezing (weapon)
 t - a +2 short sword of speed
 v - a +2 great sword
 G - a +0 battleaxe
 X - a +0 rapier of speed
Missiles
 I - a tomahawk of returning
 T - a throwing net (quivered)
Armour
 d - the +1 leather armour "Uboz" (worn) {Str+4}
   (You found it on level 5 of the Dungeon)

   It affects your strength (+4).
 f - a +2 robe of fire resistance
 g - a +0 helmet (worn)
 l - a +1 pair of boots (worn)
 y - a +1 pair of gloves (worn)
 F - a +1 cloak (worn)
 L - a +0 buckler (worn)
 O - a +1 robe of magic resistance
Wands
 i - a wand of disintegration (14/24)
 C - a wand of iceblast (12/15)
 P - a wand of polymorph (5/24)
Scrolls
 k - 3 scrolls of amnesia
 o - a scroll of magic mapping
 p - 3 scrolls of recharging
 q - a scroll of blinking
 u - a scroll of noise {unknown}
 w - 4 scrolls of teleportation
 H - a scroll of fear {unknown}
 K - a scroll of acquirement {unknown}
 Z - a scroll of fog {unknown}
Potions
 e - 6 potions of might
 h - 2 potions of mutation
 n - 2 potions of brilliance
 r - 3 potions of flight
 s - 3 potions of curing
 x - a potion of berserk rage {unknown}
 A - a potion of agility {unknown}
 B - 2 potions of haste
 D - a potion of degeneration {unknown}
 M - 3 potions of magic
Books
 b - a book of Flames

   Spells                             Type                      Level
   a - Flame Tongue                   Conjuration/Fire             1
   b - Throw Flame                    Conjuration/Fire             2
   c - Conjure Flame                  Conjuration/Fire             3
   d - Inner Flame                    Hexes/Fire                   3
   e - Sticky Flame                   Conjuration/Fire             4
   f - Fireball                       Conjuration/Fire             5
 Q - a book of Cantrips

   Spells                             Type                      Level
   a - Confusing Touch                Hexes                        1
   b - Animate Skeleton               Necromancy                   1
   c - Summon Small Mammal            Summoning                    1
   d - Apportation                    Translocation                1
Comestibles
 c - 5 bread rations
 z - 15 fruits
 U - 3 meat rations


   Skills:
 * Level 4.1 Fighting
 - Level 4.0 Short Blades
 * Level 3.7 Dodging
 - Level 1.5 Stealth
 * Level 8.5 Spellcasting
 + Level 9.2 Conjurations
 + Level 8.5 Fire Magic
 * Level 3.1 Invocations


You had 11 spell levels left.
You knew the following spells:

 Your Spells              Type           Power        Failure   Level  Hunger
a - Flame Tongue          Conj/Fire      #####        1%          1    None
b - Conjure Flame         Conj/Fire      #####...     1%          3    None
c - Sticky Flame          Conj/Fire      #####...     4%          4    ###....
d - Fireball              Conj/Fire      #####.....   13%         5    #####..
e - Animate Skeleton      Necr           N/A          19%         1    None
f - Summon Small Mammal   Summ           #...         19%         1    None
g - Apportation           Tloc           #.....       19%         1    None


Dungeon Overview and Level Annotations

Branches:
Dungeon (10/15)            Temple (1/1) D:7             Orc (2/2) D:9
    Elf (0/3) Orc:2
   Lair: D:8-11

Altars:
Ashenzari
Cheibriados
Dithmenos
Elyvilon
Fedhas
Gozag
Hepliaklqana
Kikubaaqudgha
Makhleb
Nemelex Xobeh
Okawaru
Qazlal
Ru
Sif Muna
Trog
Uskayaw
Vehumet
Wu Jian
Xom
Yredelemnul
Zin
The Shining One

Shops:
D:4 (   D:7 *   Orc:2 *=*}

Annotations:
D:4 exclusion: scorpion
D:8 Gastronok


Message History

The orc warrior hits you from afar with a trident of venom!!
* * * LOW HITPOINT WARNING * * *
Casting: Flame Tongue
Confirm with . or Enter, or press ? or * to list all spells.
Aiming: Flame Tongue
Press: ? - help, Shift-Dir - straight line, f/p - orc warrior
Aim: an orc warrior, wielding a trident of venom and wearing a chain mail (almost dead)
The flame tongue hits the orc warrior.
The orc warrior is almost dead.
The orc warrior hits you from afar with a trident of venom.
* * * LOW HITPOINT WARNING * * *
Casting: Flame Tongue
Confirm with . or Enter, or press ? or * to list all spells.
Aiming: Flame Tongue
Press: ? - help, Shift-Dir - straight line, f/p - orc warrior
Aim: an orc warrior, wielding a trident of venom and wearing a chain mail (almost dead)
The flame tongue hits the orc warrior.
The orc warrior appears unharmed.
The orc warrior is almost dead.
The orc warrior hits you from afar with a trident of venom!
You die...

....... ...$...
o..... ##. O....
#.. ...## #...###
..o.###
##.##.######....o..
#.....@##.#o.....o.
#....o##.....##....
#....o...O..## o
#............#
#....≈≈..≈....#
##...≈≈≈≈.≈..##
#..≈≈≈≈≈≈.≈.......
#.≈v≈###≈≈≈......#
#..≈≈# #≈≈........


You could see a fire vortex, an orc warrior and an orc.

Vanquished Creatures
  Erica (Orc:1)
  A two-headed ogre (D:8)
  An orc knight (Orc:1)
  A cyclops (Orc:1)
  Psyche (D:8)
  A troll (D:9)
  2 hippogriffs
  Sigmund (D:2)
  10 yaks
  A hungry ghost (D:9)
  Menkaure (D:5)
  A two-headed ogre zombie (D:9)
  A warg (Orc:1)
  2 orc warriors
  A black bear (D:7)
  9 ogres
  A sky beast (D:7)
  3 phantoms
  3 centaurs
  A big kobold (D:8)
  4 bullfrogs
  2 scorpions
  3 killer bees (D:7)
  An electric eel (Orc:2)
  2 howler monkeys
  2 crimson imps
  2 jellies
  4 orc priests
  Crazy Yiuf (D:5)
  3 hounds
  An iron imp (D:7)
  A bullfrog skeleton (D:5)
  A centaur skeleton (D:4)
  9 iguanas
  4 worker ants
  14 orc wizards
  7 ogre zombies (D:9)
  2 hound skeletons
  Robin (D:2)
  A howler monkey zombie (D:6)
  2 worker ant zombies
  8 gnolls
  11 adders
  2 howler monkey skeletons
  2 shadow imps
  An adder skeleton (D:4)
  2 worms
  2 dart slugs (D:1)
  3 leopard geckos
  30 orcs
  6 bats
  3 giant cockroaches
  13 goblins
  11 hobgoblins
  14 jackals
  3 quokkas
  3 ball pythons
  8 frilled lizards
  A goblin skeleton (D:9)
  3 goblin zombies (D:9)
  3 hobgoblin zombies (D:9)
  12 kobolds
  A leopard gecko skeleton (D:4)
  A leopard gecko zombie (D:8)
  7 orc skeletons (D:9)
  11 orc zombies (D:9)
  6 rats
277 creatures vanquished.

Notes
Turn   | Place    | Note
-------+----------+-------------------------------------------
     0 | D:1      | tilp the Hill Orc Fire Elementalist began the quest for the Orb.
     0 | D:1      | Reached XP level 1. HP: 14/14 MP: 3/3
   520 | D:1      | Reached XP level 2. HP: 20/20 MP: 0/4
  1140 | D:1      | Reached XP level 3. HP: 26/26 MP: 5/5
  1145 | D:1      | Learned a level 3 spell: Conjure Flame
  1412 | D:2      | Noticed Robin
  1448 | D:2      | Killed Robin
  1448 | D:2      | Reached XP level 4. HP: 7/33 MP: 0/7
  1718 | D:2      | Reached skill level 1 in Short Blades
  1811 | D:2      | Reached skill level 2 in Conjurations
  1966 | D:2      | Noticed Sigmund
  2422 | D:3      | Found a bloodstained altar of Trog.
  2529 | D:3      | Found an ancient bone altar of Kikubaaqudgha.
  2529 | D:3      | Found a radiant altar of Vehumet.
  2530 | D:3      | Found a hide-covered altar of Uskayaw.
  2725 | D:3      | Reached XP level 5. HP: 35/38 MP: 0/8
  3124 | D:3      | Learned a level 4 spell: Sticky Flame
  3785 | D:4      | Found a shadowy altar of Dithmenos.
  4411 | D:4      | Found a shadowy altar of Dithmenos.
  4605 | D:4      | Reached XP level 6. HP: 44/45 MP: 10/10
  5161 | D:4      | Reached skill level 3 in Conjurations
  5558 | D:4      | Found Veg Ajam's Weapon Shop.
  5713 | D:4      | Reached XP level 7. HP: 50/50 MP: 2/11
  5998 | D:5      | Entered Level 5 of the Dungeon
  6009 | D:4      | Reached skill level 5 in Fire Magic
  6123 | D:4      | Reached skill level 4 in Conjurations
  6375 | D:5      | Got a smoking leather armour
  6414 | D:5      | Identified the cursed +1 leather armour "Uboz" {Str+4} (You found it on level 5 of the Dungeon)
  6489 | D:5      | Got a polished ring mail
  6606 | D:5      | Noticed Menkaure
  6608 | D:5      | Killed Menkaure
  7018 | D:5      | Reached XP level 8. HP: 51/57 MP: 7/14
  7223 | D:5      | Reached skill level 5 in Conjurations
  8153 | D:5      | Found a runed door.
  8384 | D:5      | Noticed Crazy Yiuf
  8388 | D:5      | Killed Crazy Yiuf
  8505 | D:6      | Reached skill level 5 in Spellcasting
  8604 | D:6      | Reached skill level 6 in Conjurations
  9022 | D:6      | Reached XP level 9. HP: 56/62 MP: 10/16
  9762 | D:7      | Found a glowing golden altar of the Shining One.
  9951 | D:7      | Found a snail-covered altar of Cheibriados.
  9972 | D:7      | Found a staircase to the Ecumenical Temple.
  9988 | Temple   | Entered the Ecumenical Temple
 10063 | Temple   | Became a worshipper of Warmaster Okawaru
 10135 | D:7      | Reached skill level 7 in Conjurations
 10363 | D:2      | Killed Sigmund
 10945 | D:7      | Found Sucuzxo's Superlative Supplies.
 11197 | D:7      | Identified the cursed +1 ring mail of Zanluile {-Tele Int+3 Dex+6 Slay-2} (You found it on level 5 of the Dungeon)
 11232 | D:8      | Noticed a two-headed ogre
 11252 | D:8      | Noticed Psyche
 11274 | D:8      | Killed Psyche
 11274 | D:8      | Reached * piety under Okawaru
 11479 | D:8      | Killed a two-headed ogre
 11479 | D:8      | Reached ** piety under Okawaru
 11479 | D:8      | Reached skill level 8 in Conjurations
 11479 | D:8      | Reached XP level 10. HP: 23/69 MP: 9/20
 11495 | D:7      | Learned a level 5 spell: Fireball
 11949 | D:8      | Found a white marble altar of Elyvilon.
 11956 | D:8      | Learned a level 1 spell: Animate Skeleton
 11958 | D:8      | Learned a level 1 spell: Summon Small Mammal
 11960 | D:8      | Learned a level 1 spell: Apportation
 12131 | D:8      | Reached skill level 1 in Fighting
 12204 | D:8      | Noticed Gastronok
 12476 | D:9      | Reached *** piety under Okawaru
 12706 | D:9      | Found a deep blue altar of Sif Muna.
 12789 | D:9      | You fall through a shaft!
 12789 | D:10     | Entered Level 10 of the Dungeon
 12811 | D:10     | Reached **** piety under Okawaru
 13140 | D:9      | Reached skill level 1 in Invocations
 13218 | D:9      | Found a staircase to the Orcish Mines.
 13401 | D:9      | Reached skill level 9 in Conjurations
 13596 | D:9      | Reached XP level 11. HP: 73/82 MP: 9/23
 13933 | D:9      | Found a sparkling altar of Nemelex Xobeh.
 14090 | D:9      | Identified Sif Muna's Disquisition on Bewitchment
 14488 | D:9      | Found a burning altar of Makhleb.
 14488 | D:9      | Noticed a blizzard demon
 14613 | Orc:1    | Entered Level 1 of the Orcish Mines
 14794 | Orc:1    | Noticed Erica
 14800 | Orc:1    | Killed Erica
 15282 | Orc:1    | Noticed a cyclops
 15297 | Orc:1    | Killed a cyclops
 15563 | Orc:2    | Entered Level 2 of the Orcish Mines
 15563 | Orc:2    | Found Gaetz's Jewellery Shop.
 15571 | Orc:2    | Noticed an orc knight
 15645 | Orc:1    | Killed an orc knight
 15844 | Orc:2    | Found Fenatuc's General Store.
 15890 | Orc:2    | Found a staircase to the Elven Halls.
 16113 | Orc:2    | Found Buherphawn's Assorted Antiques.
 16114 | Orc:2    | Found Titam's Gadget Shoppe.
 16208 | Orc:2    | Slain by an orc warrior

Vault maps used:
D:1:      lemuel_arrival_hallway, grunt_decor_one_mirror, moated_statue
D:2:      uniq_sigmund, uniq_robin
D:3:      bloody_trog, gammafunk_temple_overflow_claw, first_bread
D:4:      lemuel_crystal_altar, serial_shops, shop, hangedman_feature_mirror,
          grunt_dithmenos_shadows
D:5:      uniq_crazy_yiuf_cottage, uniq_menkaure
D:6:      serial_bayou_lagoon_a
D:7:      tso_oasis_becter, slow_altar_1, minmay_temple_entry_trees,
          hex_intersection, nicolae_alphabet_shops
D:8:      basic_altar, grunt_ogre_cave, uniq_psyche, uniq_gastronok
D:9:      marbit_many_paths, makhleb_altar_promises_db, zombieorc2_lemuel,
          led_sif_book
D:10:     serial_shops, shop, eino_jars
Temple:   nicolae_temple_god_jail
Orc:1:    nicolae_orc_pool_cavern, uniq_erica
Orc:2:    kennysheep_orc_mage_school, basic_altar, serial_shops, shop,
          nicolae_shop_temple_entry_statues_fountains, nicolae_shop_trees,
          nicolae_shop_trees, nicolae_shop_stone, nicolae_orc_flooded_monolith

Skill      XL: |  1  2  3  4  5  6  7  8  9 10 11 |
---------------+----------------------------------+-----
Fire Magic     | 4 5 6 7 8 |  8.5
Spellcasting   | 2 3 4 5 7 8 |  8.5
Short Blades   | 1 2 3 4 |  4.0
Conjurations   | 2 3 4 6 8 9 |  9.2
Fighting       | 3 4 |  4.1
Dodging        | 2 3 |  3.7
Invocations    | 1 3 |  3.1
Stealth        | |  1.5

Action                   |  1- 3 |  4- 6 |  7- 9 | 10-12 || total
-------------------------+-------+-------+-------+-------++-------
Melee: Club              |    12 |       |       |       ||    12
       Dagger            |    53 |       |       |       ||    53
       Short sword       |     4 |   174 |   272 |   315 ||   765
Throw: Stone             |       |     5 |     4 |     1 ||    10
       Tomahawk          |       |     5 |     4 |     3 ||    12
 Cast: Flame Tongue      |    45 |    72 |   137 |   128 ||   382
       Conjure Flame     |       |     9 |    10 |    15 ||    34
       Sticky Flame      |       |       |    23 |    30 ||    53
       Summon Small Mamm |       |       |       |     9 ||     9
       Apportation       |       |       |       |     3 ||     3
       Fireball          |       |       |       |     1 ||     1
Invok: Heroism           |       |       |       |     2 ||     2
  Use: Scroll            |       |     8 |     9 |     4 ||    21
       Potion            |       |       |       |     5 ||     5
 Stab: Sleeping          |     1 |     2 |     3 |       ||     6
  Eat: Chunk             |     2 |    14 |    13 |    13 ||    42
       Royal jelly       |       |     1 |       |     3 ||     4
       Meat ration       |       |       |     1 |       ||     1
       Bread ration      |       |       |     1 |       ||     1
Armor: Leather armour    |    48 |    58 |    98 |    91 ||   295
Dodge: Dodged            |    65 |    90 |   137 |   154 ||   446
Block: Buckler           |       |       |     9 |    31 ||    40
